 Dungeon Crawl Stone Soup version 0.30-a0-528-g8c47a4955b (webtiles) character file.

Game seed: 5101214663328406862

565 gruber the Chiller (level 7, -10/51 HPs)
             Began as a Gnoll Ice Elementalist on Dec 23, 2022.
             Mangled by Duvessa
             ... wielding a +0 short sword
              (14 damage)
             ... on level 4 of the Dungeon.
             The game lasted 00:03:10 (3797 turns).

gruber the Chiller (Gnoll Ice Elementalist)         Turns: 3797, Time: 00:03:11

Health: -10/51     AC: 12    Str:  7    XL:     7   Next: 32%
Magic:  7/15       EV: 14    Int: 22    God:
Gold:   151        SH:  0    Dex: 13    Spells: 10/17 levels left

rFire   . . .      SeeInvis .    n - +4 hand axe "Mistrieh" {spect, Fly rC- Int+6}
rCold   x . .      Faith    .    (no shield)
rNeg    . . .      Spirit   .    a - +0 robe
rPois   .          Reflect  .    v - +0 helmet
rElec   .          Harm     .    u - +0 cloak
rCorr   .          Rampage  .    (no gloves)
Will    .....                    (no boots)
Stlth   +++                      (no amulet)
HPRegen 0.28/turn                (no ring)
MPRegen 0.14/turn                (no ring)

@: ice-armoured, freezing walls, flying
A: fangs 1, strong nose, distributed training
a: no special abilities


You were on level 4 of the Dungeon.
You visited 1 branch of the dungeon, and saw 4 of its levels.

You collected 151 gold pieces.

Inventory:

Hand Weapons
 k - a +0 rapier
 n - the +4 hand axe "Mistrieh" (weapon) {spect, Fly rC- Int+6}
   (You found it on level 2 of the Dungeon)

   When its wielder attacks, the weapon's spirit leaps out and strikes again.
   The spirit shares a part of any damage it takes with its wielder.
   Int:       It affects your intelligence (+6).
   rC:        It makes you vulnerable to cold.
   Fly:       It grants you flight.
 w - a +2 flail of holy wrath
Armour
 a - a +0 robe (worn)
 u - a +0 cloak (worn)
 v - a +0 helmet (worn)
Wands
 s - a wand of polymorph (17)
Scrolls
 c - 2 scrolls of amnesia {unknown}
 d - 3 scrolls of teleportation {unknown}
 f - 8 scrolls of identify {unknown}
 g - a scroll of silence {unknown}
 h - a scroll of enchant armour {unknown}
 p - 3 scrolls of enchant weapon {unknown}
 r - a scroll of magic mapping {unknown}
 t - a scroll of fear {unknown}
 y - a scroll of fog {unknown}
Potions
 b - a potion of magic
 e - a potion of degeneration {unknown}
 i - 6 potions of curing {unknown}
 j - 2 potions of might {unknown}
 l - 5 potions of heal wounds {unknown}
 m - a potion of invisibility {unknown}
 o - a potion of mutation {unknown}
 q - 2 potions of lignification {unknown}
 x - a potion of attraction {unknown}


   Skills:
 + Level 2.5 Fighting
 + Level 2.5 Short Blades
 + Level 2.5 Long Blades
 + Level 2.5 Axes
 + Level 2.5 Maces & Flails
 + Level 2.5 Polearms
 + Level 2.5 Staves
 + Level 2.5 Ranged Weapons
 + Level 2.5 Throwing
 + Level 2.5 Armour
 + Level 5.2 Dodging
 + Level 4.9 Stealth
 + Level 2.5 Shields
 + Level 2.5 Unarmed Combat
 + Level 5.6 Spellcasting
 + Level 2.0 Conjurations
 + Level 2.0 Hexes
 + Level 2.0 Summonings
 + Level 2.0 Necromancy
 + Level 2.0 Translocations
 + Level 2.0 Transmutations
 + Level 2.0 Fire Magic
 + Level 7.4 Ice Magic
 + Level 2.0 Air Magic
 + Level 2.0 Earth Magic
 + Level 2.0 Poison Magic
 + Level 2.8 Invocations
 + Level 2.5 Evocations


You had 10 spell levels left.
You knew the following spells:

 Your Spells              Type           Power      Damage    Failure   Level
a - Freeze                Ice            100%       1d10      1%          1
b - Frozen Ramparts       Ice            76%        1d12      1%          3
c - Ozocubu's Armour      Ice            38%        N/A       1%          3

Your spell library contained the following spells:

 Spells                   Type           Power      Damage    Failure   Level
 Summon Ice Beast         Ice/Summ       27%        N/A       13%         4


Dungeon Overview and Level Annotations

Branches:
Dungeon (4/15)
 Temple: D:4-7

Altars:
Kikubaaqudgha

Annotations:
D:4 3 runed translucent doors, Duvessa; Sermion's ghost, amateur DsBe


Innate Abilities, Weirdness & Mutations

You have very sharp teeth.
Your uncanny sense of smell can sniff out nearby items.
Your experience applies equally to all skills.


Message History

Duvessa hits you with a +0 short sword.
The wall freezes Duvessa but does no damage.
Duvessa hits you with a +0 short sword!
You are too injured to fight recklessly!
Unknown command.
Unknown command.
Casting: Ozocubu's Armour (safe; 1% risk of failure)
Confirm with . or Enter, or press ? or * to list all spells.
Aiming: Freeze (safe; 1% risk of failure)
Press: ? - help, Shift-Dir - straight line, f - Duvessa
Aim: Duvessa, wielding a +0 short sword, wearing a +0 leather armour and quivering curare-tipped darts (moderately wounded, berserk)
You freeze Duvessa.
Duvessa is heavily wounded.
The wall freezes Duvessa but does no damage.
Duvessa completely misses you.
Unknown command.
Unknown command.
Casting: Freeze (safe; 1% risk of failure)
Confirm with . or Enter, or press ? or * to list all spells.
Aiming: Freeze (safe; 1% risk of failure)
Press: ? - help, Shift-Dir - straight line, f/p - Duvessa
Aim: Duvessa, wielding a +0 short sword, wearing a +0 leather armour and quivering curare-tipped darts (heavily wounded, berserk)
You freeze Duvessa!
Duvessa is severely wounded.
The wall freezes Duvessa but does no damage.
Duvessa misses you.
The wall freezes Duvessa.
Duvessa hits you with a +0 short sword!
* * * LOW HITPOINT WARNING * * *
Unknown command.
Unknown command.
Casting: Freeze (safe; 1% risk of failure)
Confirm with . or Enter, or press ? or * to list all spells.
Aiming: Freeze (safe; 1% risk of failure)
Press: ? - help, Shift-Dir - straight line, f/p - Duvessa
Aim: Duvessa, wielding a +0 short sword, wearing a +0 leather armour and quivering curare-tipped darts (severely wounded, berserk)
You freeze Duvessa!
Duvessa is almost dead.
The wall freezes Duvessa but does no damage.
Duvessa hits you with a +0 short sword!
You die...

#......#..........#
##.....#######.....#
#....###.....#######
###.................
#.................
#.....<...........
#.................
#.................
#@................
......e#####............
....... ######.......
....... ∆∆ #.......
....... ∆ #.......
....... #....... ......^
#....... .......
#....... ########


You could see Duvessa (berserk).

Vanquished Creatures
  Edmund (D:4)
  2 scorpions (D:4)
  Dowan (D:4)
  A hound (D:4)
  2 jellies
  An orc wizard (D:3)
  Robin (D:4)
  8 adders
  3 worms
  2 dart slugs
  2 orcs (D:3)
  6 bats
  4 endoplasms
  2 giant cockroaches
  16 goblins
  12 hobgoblins
  6 kobolds
  A quokka (D:2)
  6 ball pythons
  4 frilled lizards
  6 rats
87 creatures vanquished.

Notes
Turn   | Place    | Note
-------+----------+-------------------------------------------
     0 | D:1      | gruber the Gnoll Ice Elementalist began the quest for the
                  | Orb.
     0 | D:1      | Reached XP level 1. HP: 13/13 MP: 6/6
   186 | D:1      | Reached XP level 2. HP: 19/19 MP: 5/7
   837 | D:2      | Reached skill level 5 in Spellcasting
   837 | D:2      | Reached XP level 3. HP: 22/25 MP: 3/9
   841 | D:2      | Learned a level 3 spell: Frozen Ramparts
   916 | D:2      | You fall into a shaft and drop 1 floor!
   946 | D:3      | Reached skill level 1 in Invocations
  1147 | D:3      | Reached skill level 1 in Fighting
  1147 | D:3      | Reached skill level 1 in Short Blades
  1147 | D:3      | Reached skill level 1 in Long Blades
  1147 | D:3      | Reached skill level 1 in Axes
  1147 | D:3      | Reached skill level 1 in Maces & Flails
  1147 | D:3      | Reached skill level 1 in Polearms
  1147 | D:3      | Reached skill level 1 in Staves
  1147 | D:3      | Reached skill level 1 in Ranged Weapons
  1147 | D:3      | Reached skill level 1 in Throwing
  1147 | D:3      | Reached skill level 1 in Armour
  1147 | D:3      | Reached skill level 1 in Shields
  1147 | D:3      | Reached skill level 1 in Unarmed Combat
  1147 | D:3      | Reached skill level 1 in Evocations
  1147 | D:3      | Reached XP level 4. HP: 17/32 MP: 3/11
  1266 | D:3      | Identified the +0 chain mail of Upnaor {*Corrode rF+ rN+
                  | Str+6}
  1407 | D:2      | Reached skill level 1 in Conjurations
  1407 | D:2      | Reached skill level 1 in Hexes
  1407 | D:2      | Reached skill level 1 in Summonings
  1407 | D:2      | Reached skill level 1 in Necromancy
  1407 | D:2      | Reached skill level 1 in Translocations
  1407 | D:2      | Reached skill level 1 in Transmutations
  1407 | D:2      | Reached skill level 1 in Fire Magic
  1407 | D:2      | Reached skill level 1 in Air Magic
  1407 | D:2      | Reached skill level 1 in Earth Magic
  1407 | D:2      | Reached skill level 1 in Poison Magic
  1861 | D:2      | Reached XP level 5. HP: 37/37 MP: 9/12
  2054 | D:2      | Identified the +4 hand axe "Mistrieh" {spect, Fly rC-
                  | Int+6}
  2916 | D:4      | Noticed Duvessa
  2916 | D:4      | Noticed Dowan
  2986 | D:3      | Learned a level 3 spell: Ozocubu's Armour
  2994 | D:4      | Noticed Edmund
  3005 | D:4      | Killed Edmund
  3006 | D:4      | Reached skill level 5 in Dodging
  3006 | D:4      | Reached XP level 6. HP: 30/44 MP: 7/14
  3089 | D:4      | Found an ancient bone altar of Kikubaaqudgha.
  3163 | D:4      | Killed Dowan
  3197 | D:4      | Noticed Robin
  3276 | D:4      | Killed Robin
  3368 | D:4      | Reached XP level 7. HP: 47/51 MP: 15/15
  3541 | D:4      | Found a runed translucent gate.
  3542 | D:4      | Found a runed translucent gate.
  3542 | D:4      | Noticed Sermion's ghost (amateur DsBe)
  3543 | D:4      | Found a runed translucent gate.
  3797 | D:4      | Mangled by Duvessa

Illustrated notes

Levels and vault maps discovered:
D:1:      evilmike_arrival_come_back, layout_loops_ring, serial_glass,
          glass_columns_a, glass_columns_a, glass_columns_c, glass_columns_a,
          glass_columns_a
D:2:      layout_loops_cross, minmay_tromino_i4
D:3:      layout_loops_corners, nicolae_overflow_hidden_temple
D:4:      layout_gridville, kiku_gazebo_garden_becter, gammafunk_ghost_split,
          uniq_robin, uniq_duvessa, uniq_edmund

Skill      XL: |  1  2  3  4  5  6  7 |
---------------+----------------------+-----
Spellcasting   | 5 |  5.6
Invocations    | 1 2 |  2.8
Fighting       | 1 2 |  2.5
Short Blades   | 1 2 |  2.5
Long Blades    | 1 2 |  2.5
Axes           | 1 2 |  2.5
Maces & Flails | 1 2 |  2.5
Polearms       | 1 2 |  2.5
Staves         | 1 2 |  2.5
Ranged Weapons | 1 2 |  2.5
Throwing       | 1 2 |  2.5
Armour         | 1 2 |  2.5
Shields        | 1 2 |  2.5
Unarmed Combat | 1 2 |  2.5
Evocations     | 1 2 |  2.5
Conjurations   | 1 2 |  2.0
Hexes          | 1 2 |  2.0
Summonings     | 1 2 |  2.0
Necromancy     | 1 2 |  2.0
Translocations | 1 2 |  2.0
Transmutations | 1 2 |  2.0
Fire Magic     | 1 2 |  2.0
Air Magic      | 1 2 |  2.0
Earth Magic    | 1 2 |  2.0
Poison Magic   | 1 2 |  2.0
Dodging        | 5 |  5.2
Stealth        | |  4.9
Ice Magic      | |  7.4

Action                   |  1- 3 |  4- 6 |  7- 9 || total
-------------------------+-------+-------+-------++-------
Melee: Unarmed           |    10 |       |       ||    10
       Bite              |     1 |    10 |     1 ||    12
       Rapier            |     1 |    24 |       ||    25
       Hand axe          |       |    36 |    11 ||    47
 Cast: Freeze            |    36 |    30 |     3 ||    69
       Frozen Ramparts   |     1 |     2 |     1 ||     4
       Ozocubu's Armour  |       |     3 |     1 ||     4
 Stab: Sleeping          |     2 |     5 |       ||     7
Armor: Robe              |     7 |    10 |     3 ||    20
Dodge: Dodged            |    26 |    52 |     6 ||    84

Table legend: (Time is in decaauts)
 A = Elapsed time spent in this place.
 B = Non-inter-level travel time spent in this place.
 C = Inter-level travel time spent in this place.
 D = Time resting spent in this place.
 E = Time spent auto-exploring this place.
 F = Levels seen in this place.
 G = Mean time per level.
                   A        B        C        D        E       F      G
               +--------+--------+--------+--------+--------+-----+--------+
         Total |   3808 |   3550 |    258 |      0 |   2970 |   4 |  952.0 |
       Dungeon |   3808 |   3550 |    258 |      0 |   2970 |   4 |  952.0 |
               +--------+--------+--------+--------+--------+-----+--------+

Top non-repeatable levels by time:
     D:3: 1145 daAuts
     D:2: 1041 daAuts
     D:4: 817 daAuts
     D:1: 804 daAuts
